 Dungeon Crawl Stone Soup version 0.27-a0-1532-gca18f49f40 (webtiles) character file.

Game seed: 8259753980631894729

70 bande the Shield-Bearer (level 4, 0/28 HPs)
             Began as a Gargoyle Fighter on July 13, 2021.
             Slain by a hobgoblin (2 damage)
             ... on level 2 of the Dungeon.
             The game lasted 00:02:41 (1181 turns).

bande the Shield-Bearer (Gargoyle Fighter)          Turns: 1181, Time: 00:02:41

Health: 0/28       AC: 12    Str: 25    XL:     4   Next: 21%
Magic:  4/4        EV:  6    Int:  9    God:
Gold:   51         SH: 10    Dex: 10    Spells: 3/3 levels left

rFire    . . .     SeeInvis .   a - +0 war axe
rCold    . . .     Faith    .   c - +0 kite shield
rNeg     + . .     Spirit   .   j - +0 chain mail
rPois    ∞         Reflect  .   (no helmet)
rElec    +         Harm     .   (no cloak)
rCorr    .         Rampage  .   (no gloves)
Will     .....                  (no boots)
Stlth    ..........             (no amulet)
HPRegen  0.09/turn              i - +6 ring of strength
MPRegen  0.09/turn              (no ring)

@: slowed, very slow
A: sickness immunity, AC +3, negative energy resistance 1, electricity
resistance, torment resistance 1, petrification resistance
a: no special abilities


You were on level 2 of the Dungeon.
You visited 1 branch of the dungeon, and saw 2 of its levels.

You collected 51 gold pieces.

Inventory:

Hand Weapons
 a - a +0 war axe (weapon)
Armour
 c - a +0 kite shield (worn)
 j - a +0 chain mail (worn)
Jewellery
 b - a ring of magical power
 i - a +6 ring of strength (left hand)
Scrolls
 f - a scroll of identify
 h - a scroll of magic mapping
Potions
 d - a potion of might


   Skills:
 + Level 3.5 Fighting
 + Level 2.8 Axes
 + Level 3.7 Armour
 + Level 0.2 Dodging
 + Level 4.0 Shields


You had 3 spell levels left.
You didn't know any spells.
Your spell library was empty.

Dungeon Overview and Level Annotations

Branches:
Dungeon (2/15)

Altars:

Shops:
D:1 *[**


Innate Abilities, Weirdness & Mutations

You are immune to sickness and miasma.
Your stone body is resilient. (AC +3)
You are immune to poison.
You resist negative energy. (rN+)
You are resistant to electric shocks. (rElec)
You are resistant to unholy torment.
You are immune to petrification.


Message History

Natasha casts a spell at you.
You feel yourself slow down.
You barely miss Natasha.
Natasha is almost dead.
Natasha claws you but does no damage. Natasha casts a spell at you.
The magic dart hits you!
* * * LOW HITPOINT WARNING * * *
Natasha casts a spell at you.
You feel as though you will be slow longer.
You closely miss Natasha.
Natasha is almost dead.
Natasha claws you but does no damage. x2
A hobgoblin comes into view.
You feel better.
The hobgoblin shouts!
You block Natasha's attack. Natasha barely misses you.
You barely miss Natasha.
Natasha is almost dead.
Natasha mumbles some strange words.
Natasha claws you!
* * * LOW HITPOINT WARNING * * *
You slash Natasha!
You kill Natasha!
Natasha screams in pain as she dies!
The crimson imp disappears in a puff of smoke!
Your Shields skill increases to level 4!
You have reached level 4!
You feel clever.
You hit the hobgoblin but do no damage.
The hobgoblin hits you but does no damage.
You block the hobgoblin's attack. The hobgoblin hits you.
* * * LOW HITPOINT WARNING * * *
You closely miss the hobgoblin.
The hobgoblin hits you but does no damage.
You block the hobgoblin's attack.
You hit the hobgoblin but do no damage.
The hobgoblin hits you but does no damage.
The hobgoblin hits you.
You die...

.......
...... .....
###...#
...... #...#
##...#
#...@#####
#...g.(..#
#..#.###.#
.........#
........#.#
###....###..
...... ..#
#.#..#. ## .
...#.


You could see a hobgoblin.

Vanquished Creatures
  Natasha (D:2)
  2 endoplasms (D:1)
  A giant cockroach (D:1)
  4 goblins
  2 hobgoblins (D:1)
  11 jackals (D:1)
  3 quokkas (D:1)
  4 ball pythons (D:1)
  2 bats (D:1)
  2 frilled lizards (D:1)
  3 kobolds
  5 rats (D:1)
40 creatures vanquished.

Vanquished Creatures (collateral kills)
  A bat (D:1)
1 creature vanquished.

Vanquished Creatures (others)
  A plant (D:1)
1 creature vanquished.

Grand Total: 42 creatures vanquished

Notes
Turn   | Place    | Note
-------+----------+-------------------------------------------
     0 | D:1      | bande the Gargoyle Fighter began the quest for the Orb.
     0 | D:1      | Reached XP level 1. HP: 14/14 MP: 1/1
    32 | D:1      | Found Rokuch's Assorted Antiques.
   215 | D:1      | Reached XP level 2. HP: 19/19 MP: 2/2
   306 | D:1      | Found Yppat's Assorted Antiques.
   334 | D:1      | Found Duusetuv's Assorted Antiques.
   675 | D:1      | Reached XP level 3. HP: 19/23 MP: 3/3
   731 | D:1      | Found Leett's Armour Boutique.
  1002 | D:2      | Noticed Natasha
  1178 | D:2      | Killed Natasha
  1179 | D:2      | Reached skill level 4 in Shields
  1179 | D:2      | Reached XP level 4. HP: 4/28 MP: 4/4
  1181 | D:2      | Slain by a hobgoblin

Illustrated notes

Levels and vault maps discovered:
D:1:      dpeg_arrival_solitude, layout_rooms, serial_shops, nicolae_shop_trees,
          nicolae_shop_overgrown_old_shop, nicolae_shop_behind_doors, shop,
          minmay_heptomino_d4
D:2:      layout_loops_cross, uniq_sigmund, uniq_natasha

Skill      XL: |  1  2  3 |
---------------+----------+-----
Axes           | 2 |  2.8
Shields        | 4 |  4.0
Fighting       | |  3.5
Armour         | |  3.7
Dodging        | |  0.2

Action                   |  1- 3 |  4- 6 || total
-------------------------+-------+-------++-------
Melee: War axe           |    99 |     3 ||   102
  Use: Scroll            |     2 |       ||     2
       Potion            |     2 |       ||     2
Armor: Scale mail        |    48 |       ||    48
       Chain mail        |     9 |     3 ||    12
Dodge: Dodged            |    43 |       ||    43
Block: Kite shield       |    79 |     2 ||    81

Table legend: (Time is in decaauts)
 A = Elapsed time spent in this place.
 B = Non-inter-level travel time spent in this place.
 C = Inter-level travel time spent in this place.
 D = Time resting spent in this place.
 E = Time spent auto-exploring this place.
 F = Levels seen in this place.
 G = Mean time per level.
                   A        B        C        D        E       F      G
               +--------+--------+--------+--------+--------+-----+--------+
         Total |   1249 |   1249 |      0 |    302 |    589 |   2 |  624.5 |
       Dungeon |   1249 |   1249 |      0 |    302 |    589 |   2 |  624.5 |
               +--------+--------+--------+--------+--------+-----+--------+

Top non-repeatable levels by time:
     D:1: 1213 daAuts
     D:2: 36 daAuts
